 Dungeon Crawl Stone Soup version 0.20.1-1-g8b1a95d (webtiles) character file.

113 vatarom the Distorting Demonspawn (level 4, -4/35 HPs)
             Began as a Demonspawn Abyssal Knight on Sept 23, 2017.
             Was a Believer of Lugonu.
             Slain by a goblin
             ... wielding a +4 dagger
              (7 damage)
             ... on level 3 of the Dungeon.
             The game lasted 00:05:55 (1990 turns).

vatarom the Distorting Demonspawn (DsAK)            Turns: 1990, Time: 00:05:56

Health: -4/35      AC:  5    Str: 13    XL:     4   Next: 65%
Magic:  7/7        EV: 10    Int: 14    God:    Lugonu [**....]
Gold:   65         SH:  0    Dex: 12    Spells: 3/3 levels left

rFire    . . .     SeeInvis .   a - +1 hand axe
rCold    . . .     Gourm    .   (no shield)
rNeg     . . .     Faith    .   g - +0 ring mail {rPois}
rPois    +         Spirit   .   (no helmet)
rElec    .         Reflect  .   (no cloak)
rCorr    .         Harm     .   (no gloves)
MR       .....                  (no boots)
Stlth    +.........             (no amulet)
Regen    0.2/turn               (no ring)
MPRegen  0.1/turn               (no ring)

@: no status effects
A: powered by death 1
a: Depart the Abyss, Bend Space, Renounce Religion


You were on level 3 of the Dungeon.
You worshipped Lugonu.
Lugonu was pleased with you.
You were not hungry.

You visited 1 branch of the dungeon, and saw 3 of its levels.
You visited the Abyss 1 time.

You collected 65 gold pieces.

Inventory:

Hand Weapons
 a - a +1 hand axe (weapon)
Armour
 e - a +0 buckler
 g - a +0 ring mail of poison resistance (worn)
Scrolls
 i - 5 scrolls of identify
Potions
 h - a potion of brilliance
Comestibles
 b - 2 chunks of flesh
 c - 2 bread rations
 d - 2 meat rations
 f - a royal jelly


   Skills:
 - Level 3.2 Fighting
 - Level 2.4 Axes
 - Level 2.2 Armour
 - Level 0.8 Dodging
 * Level 2.1 Shields
 + Level 4.0 Invocations


You had 3 spell levels left.
You didn't know any spells.

Dungeon Overview and Level Annotations

Branches:
Dungeon (3/15)

Altars:


Innate Abilities, Weirdness & Mutations

You regenerate a little health from kills.


Message History

There are monsters nearby!
The orc hits you but does no damage. The orc barely misses you.
You climb upwards.
There is a stone staircase leading down here.
Unknown command.
You barely miss the orc.
The orc is heavily wounded.
The orc hits you but does no damage. Space bends around you!
You blink.
You aren't carrying any items that you can evoke.
There is an open door here.
There is a stone staircase leading down here.
You climb downwards.
A goblin comes into view. It is wielding an enchanted dagger.
The goblin shouts!
The goblin closely misses you.
There is a stone staircase leading up here.
You closely miss the goblin.
The goblin hits you with an enchanted dagger!
You die...

#.. #.#
#.# #
...
#.###.#
#.....#
#...g.#
#....@#
#.#####


You could see a goblin.

Vanquished Creatures
  Jessica (D:2)
  4 adders (D:2)
  A dart slug (D:2)
  An orc (D:3)
  4 giant cockroaches (D:2)
  5 goblins
  3 hobgoblins
  6 jackals
  14 bats
  2 frilled lizards (D:1)
  3 kobolds
  5 rats
49 creatures vanquished.

Notes
Turn   | Place    | Note
-------+----------+-------------------------------------------
     0 | Abyss:1  | vatarom the Demonspawn Abyssal Knight began the quest for the Orb.
     0 | Abyss:1  | Reached XP level 1. HP: 18/18 MP: 2/2
    53 | Abyss:1  | Noticed a guardian serpent
    62 | Abyss:1  | Noticed a hippogriff
    62 | Abyss:1  | a guardian serpent changed into a hippogriff
    64 | Abyss:1  | Noticed a manticore
    64 | Abyss:1  | a hippogriff changed into a manticore
    66 | D:1      | Escaped the Abyss
   324 | D:1      | Reached * piety under Lugonu
   377 | D:1      | Gained mutation: You regenerate a little health from kills. [demonic ancestry]
   377 | D:1      | Reached XP level 2. HP: 24/24 MP: 4/4
   381 | D:1      | Reached skill level 3 in Invocations
   973 | D:2      | Reached XP level 3. HP: 15/29 MP: 5/5
  1343 | D:2      | Reached ** piety under Lugonu
  1614 | D:2      | Noticed Jessica
  1620 | D:2      | Killed Jessica
  1620 | D:2      | Reached skill level 1 in Shields
  1620 | D:2      | Reached XP level 4. HP: 24/35 MP: 6/6
  1796 | D:2      | Reached skill level 4 in Invocations
  1958 | D:3      | HP: 1/35 [orc/trident (1)]
  1990 | D:3      | Slain by a goblin

Skill      XL: |  1  2  3  4 |
---------------+-------------+-----
Axes           | 2 |  2.4
Invocations    | 3 4 |  4.0
Armour         | 2 |  2.2
Shields        | 1 2 |  2.1
Fighting       | |  3.2
Dodging        | |  0.8

Action                   |  1- 3 |  4- 6 || total
-------------------------+-------+-------++-------
Melee: Hand axe          |   143 |    34 ||   177
Invok: Depart the Abyss  |     1 |       ||     1
       Bend Space        |       |     1 ||     1
  Use: Potion            |     3 |       ||     3
       Scroll            |     1 |       ||     1
 Stab: Sleeping          |     1 |       ||     1
  Eat: Chunk             |     2 |     2 ||     4
Armor: Ring mail         |    70 |    20 ||    90
       Leather armour    |     5 |       ||     5
       Skin              |     1 |       ||     1
Dodge: Dodged            |    93 |    31 ||   124
